AoeStats
← TheUnity-BvB09

Arabia

503415967Analyzed
1v1 RM · 1mo ago on Aug 31, 2026· 27m 18s· 2 players
Game mode
Random Map
Map size
Tiny (2 player)
Population
200
Speed
Normal
Resources
Standard
Victory
Conquest
Starting age
Dark Age
Ending age
Imperial Age
RankedLock teamsTeams togetherTeam positionsShared explorationLock speedFull tech treeHidden civsTurbo modeCheats
Victory
Defeat
🇲🇽 Aztecs · Mexico
1015
+16
🇵🇰 Ethiopians · Pakistan
1022
-16
TheUnity-BvB09
3:10 Loom
9:48 Feudal Age
10:15 Double-Bit Axe
18:08 Wheelbarrow
18:24 Padded Archer Armor
18:14 Fletching
21:50 Castle Age
21:53 Crossbowman
23:56 Leather Archer Armor
23:36 Bodkin Arrow
25:47 Elite Skirmisher
I love villagers
6:38 Loom
9:32 Feudal Age
11:23 Double-Bit Axe
14:10 Fletching
15:19 Padded Archer Armor
23:48 Castle Age
24:09 Crossbowman
Connection lost

Rejoining the realm…

Still unreachable

The connection could not be restored.

Session expired

The server has moved on; the page needs a fresh start.